| TOP OF THE 1ST |
|
Pittsburgh Pirates batting - Pitching for Chicago White Sox : RHP Xenophon Valvis
|
|
Pitching: RHP Xenophon Valvis
|
|
|
Batting: RHB Chiel Palstermans
|
0-0: Ball 1-0: Called Strike 1-1: Swinging Strike 1-2: Strikes out swinging
|
|
Batting: RHB David Contreras
|
0-0: DOUBLE (Line Drive, 9LS, EV 109.4 MPH)
|
|
Batting: RHB Jorge Severiano
|
0-0: Fly out, F8 (Line Drive, 8LD, EV 93.1 MPH)
|
|
Batting: SHB Marvin McAleer
|
0-0: Called Strike 0-1: Called Strike 0-2: Strikes out swinging
|
| Top of the 1st over - 0 runs, 1 hit, 0 errors, 1 left on base; Pittsburgh 0 - Chicago 0 |
| BOTTOM OF THE 1ST |
|
Chicago White Sox batting - Pitching for Pittsburgh Pirates : RHP Walt Quinn
|
|
Pitching: RHP Walt Quinn
|
|
|
Batting: SHB Bartholomeu Chambino
|
0-0: Ball 1-0: Ball 2-0: Ball 3-0: Base on Balls
|
|
Batting: SHB Gus Berry
|
0-0: Foul Ball, location: 2F 0-1: Ball 1-1: Ball 2-1: Foul Ball, location: 2F 2-2: Ball 3-2: Base on Balls Bartholomeu Chambino to second
|
|
Batting: LHB Randy Rosenberry
|
0-0: Called Strike 0-1: Foul Ball, location: 2F 0-2: Grounds into double play, 6-4-3 (Groundball, 6, EV 106.9 MPH) Bartholomeu Chambino to third
|
|
Batting: RHB Joseph Disepolo
|
0-0: Called Strike 0-1: Ball 1-1: Ball 2-1: Foul Ball, location: 2F 2-2: Foul Ball, location: 2F 2-2: Foul Ball, location: 2F 2-2: Ball 3-2: Foul Ball, location: 2F 3-2: Base on Balls
|
|
Batting: RHB Dietmar Warmisch
|
0-0: Foul Ball, location: 2F 0-1: Fly out, F3 (Popup, 34, EV 73.1 MPH)
|
| Bottom of the 1st over - 0 runs, 0 hits, 0 errors, 2 left on base; Pittsburgh 0 - Chicago 0 |
| TOP OF THE 2ND |
|
Pittsburgh Pirates batting - Pitching for Chicago White Sox : RHP Xenophon Valvis
|
|
Batting: LHB Micah Boshnjaku
|
0-0: Ball 1-0: Ball 2-0: Ball 3-0: Base on Balls
|
|
Batting: SHB Jack Andrews
|
0-0: Called Strike 0-1: Ball 1-1: Ball 2-1: Ball 3-1: Foul Ball, location: 2F 3-2: Strikes out swinging Micah Boshnjaku is caught stealing 2nd base 2-6 Batter strikes out.
|
|
Batting: LHB Xavier Pittman
|
0-0: Ball 1-0: Fly out, F7 (Flyball, 7, EV 79.4 MPH)
|
| Top of the 2nd over - 0 runs, 0 hits, 0 errors, 0 left on base; Pittsburgh 0 - Chicago 0 |
| BOTTOM OF THE 2ND |
|
Chicago White Sox batting - Pitching for Pittsburgh Pirates : RHP Walt Quinn
|
|
Batting: RHB Dieter Knoops
|
0-0: Called Strike 0-1: Foul Ball, location: 2F 0-2: Foul Ball, location: 2F 0-2: Foul Ball, location: 2F 0-2: Ball 1-2: Strikes out swinging
|
|
Batting: RHB Brad Boals
|
0-0: Ground out 5-3 (Groundball, 5, EV 103.1 MPH)
|
|
Batting: LHB Sidney Pedder
|
0-0: SINGLE (Flyball, 89S, EV 95.0 MPH)
|
|
Batting: RHB Jon Solano
|
0-0: Called Strike 0-1: Ball Sidney Pedder is caught stealing 2nd base 2-4
|
| Bottom of the 2nd over - 0 runs, 1 hit, 0 errors, 0 left on base; Pittsburgh 0 - Chicago 0 |
| TOP OF THE 3RD |
|
Pittsburgh Pirates batting - Pitching for Chicago White Sox : RHP Xenophon Valvis
|
|
Batting: RHB Andrew Robinson
|
0-0: Ball 1-0: Called Strike 1-1: Fly out, F4 (Popup, 4S, EV 77.5 MPH)
|
|
Batting: RHB Raul Mendoza
|
0-0: Swinging Strike 0-1: Ball 1-1: SINGLE (Groundball, 6M, EV 80.6 MPH) (infield hit)
|
|
Batting: RHB Chiel Palstermans
|
0-0: Swinging Strike 0-1: Foul Ball, location: 2F 0-2: Ball Wild Pitch! Raul Mendoza to second 1-2: Foul Ball, location: 2F 1-2: Strikes out looking
|
|
Batting: RHB David Contreras
|
0-0: Swinging Strike 0-1: Foul Ball, location: 2F 0-2: Ball 1-2: Strikes out swinging
|
| Top of the 3rd over - 0 runs, 1 hit, 0 errors, 1 left on base; Pittsburgh 0 - Chicago 0 |
| BOTTOM OF THE 3RD |
|
Chicago White Sox batting - Pitching for Pittsburgh Pirates : RHP Walt Quinn
|
|
Batting: RHB Jon Solano
|
0-0: Ball 1-0: Ball 2-0: Ground out 5-3 (Groundball, 56, EV 81.2 MPH)
|
|
Batting: SHB Bartholomeu Chambino
|
0-0: Ball 1-0: Called Strike 1-1: Ball 2-1: Foul Ball, location: 2F 2-2: Strikes out swinging
|
|
Batting: SHB Gus Berry
|
0-0: Ball 1-0: Ball 2-0: Foul Ball, location: 2F 2-1: Swinging Strike 2-2: Fly out, F8 (Flyball, 8RD, EV 98.1 MPH)
|
| Bottom of the 3rd over - 0 runs, 0 hits, 0 errors, 0 left on base; Pittsburgh 0 - Chicago 0 |
| TOP OF THE 4TH |
|
Pittsburgh Pirates batting - Pitching for Chicago White Sox : RHP Xenophon Valvis
|
|
Batting: RHB Jorge Severiano
|
0-0: Called Strike 0-1: Swinging Strike 0-2: Ball 1-2: Strikes out looking
|
|
Batting: SHB Marvin McAleer
|
0-0: Ball 1-0: Ball 2-0: Called Strike 2-1: SINGLE (Line Drive, 7S, EV 104.4 MPH)
|
|
Batting: LHB Micah Boshnjaku
|
0-0: Ball 1-0: SINGLE (Groundball, 34D, EV 96.9 MPH) Marvin McAleer to second Runner from 2nd tries for 3rd, SAFE, throw by RF made at trailing runner, OUT! 9-6
|
|
Batting: SHB Jack Andrews
|
0-0: Foul Ball, location: 2F 0-1: Fly out, F9 (Flyball, 89M, EV 88.1 MPH)
|
| Top of the 4th over - 0 runs, 2 hits, 0 errors, 1 left on base; Pittsburgh 0 - Chicago 0 |
| BOTTOM OF THE 4TH |
|
Chicago White Sox batting - Pitching for Pittsburgh Pirates : RHP Walt Quinn
|
|
Batting: LHB Randy Rosenberry
|
0-0: Foul Ball, location: 2F 0-1: Ball 1-1: Swinging Strike 1-2: Ball 2-2: Foul Ball, location: 2F 2-2: Ball 3-2: SOLO HOME RUN (Flyball, 7D, EV 99.4 MPH), Distance : 376 ft
|
|
Batting: RHB Joseph Disepolo
|
0-0: Called Strike 0-1: Ball 1-1: Foul Ball, location: 2F 1-2: Strikes out looking
|
|
Batting: RHB Dietmar Warmisch
|
0-0: Ball 1-0: Swinging Strike 1-1: Fly out, F8 (Flyball, 78M, EV 86.9 MPH)
|
|
Batting: RHB Dieter Knoops
|
0-0: Swinging Strike 0-1: Ground out U3 (Groundball, 3, EV 91.2 MPH)
|
| Bottom of the 4th over - 1 run, 1 hit, 0 errors, 0 left on base; Pittsburgh 0 - Chicago 1 |
| TOP OF THE 5TH |
|
Pittsburgh Pirates batting - Pitching for Chicago White Sox : RHP Xenophon Valvis
|
|
Batting: LHB Xavier Pittman
|
0-0: Foul Ball, location: 2F 0-1: Ball 1-1: Ground out 6-3 (Groundball, 6MS, EV 70.6 MPH)
|
|
Batting: RHB Andrew Robinson
|
0-0: SOLO HOME RUN (Line Drive, 7D, EV 98.8 MPH), Distance : 373 ft
|
|
Batting: RHB Raul Mendoza
|
0-0: Ball 1-0: Ball 2-0: Ball 3-0: Ground out 6-3 (Groundball, 6, EV 99.4 MPH)
|
|
Batting: RHB Chiel Palstermans
|
0-0: Hit by Pitch
|
|
Batting: RHB David Contreras
|
0-0: Ball 1-0: Foul Ball, location: 2F 1-1: Ball 2-1: Swinging Strike 2-2: Ball Chiel Palstermans steals 2nd base 3-2: Strikes out swinging
|
| Top of the 5th over - 1 run, 1 hit, 0 errors, 1 left on base; Pittsburgh 1 - Chicago 1 |
| BOTTOM OF THE 5TH |
|
Chicago White Sox batting - Pitching for Pittsburgh Pirates : RHP Walt Quinn
|
|
Batting: RHB Brad Boals
|
0-0: Ball 1-0: Called Strike 1-1: Ball 2-1: Ground out 2-3 (Groundball, 15S, EV 69.4 MPH)
|
|
Batting: LHB Sidney Pedder
|
0-0: Called Strike 0-1: Ball 1-1: Foul Ball, location: 2F 1-2: Ball 2-2: Ball 3-2: Foul Ball, location: 2F 3-2: SINGLE (Groundball, 4, EV 99.4 MPH)
|
|
Batting: RHB Jon Solano
|
0-0: SINGLE (Groundball, 6M, EV 107.5 MPH) (infield hit) Sidney Pedder to second
|
|
Batting: SHB Bartholomeu Chambino
|
0-0: Ball 1-0: Ball 2-0: Called Strike 2-1: Ball 3-1: Foul Ball, location: 2F 3-2: Fielders Choice at 2nd, 4-6 (Groundball, 4, EV 110.6 MPH) Sidney Pedder to third
|
|
Batting: SHB Gus Berry
|
0-0: Called Strike 0-1: Foul Ball, location: 2F 0-2: Ball 1-2: Fly out, F8 (Flyball, 8LM, EV 86.2 MPH)
|
| Bottom of the 5th over - 0 runs, 2 hits, 0 errors, 2 left on base; Pittsburgh 1 - Chicago 1 |
| TOP OF THE 6TH |
|
Pittsburgh Pirates batting - Pitching for Chicago White Sox : RHP Xenophon Valvis
|
|
Batting: RHB Jorge Severiano
|
0-0: Ball 1-0: Called Strike 1-1: Swinging Strike 1-2: Strikes out looking
|
|
Batting: SHB Marvin McAleer
|
0-0: Ball 1-0: Called Strike 1-1: Ball 2-1: Ball 3-1: Ground out 5-3 (Groundball, 5L, EV 106.9 MPH)
|
|
Batting: LHB Micah Boshnjaku
|
0-0: Foul Ball, location: 2F 0-1: Foul Ball, location: 2F 0-2: Ball 1-2: Ball 2-2: Ground out 6-3 (Groundball, 6M, EV 89.4 MPH)
|
| Top of the 6th over - 0 runs, 0 hits, 0 errors, 0 left on base; Pittsburgh 1 - Chicago 1 |
| BOTTOM OF THE 6TH |
|
Chicago White Sox batting - Pitching for Pittsburgh Pirates : RHP Walt Quinn
|
|
Batting: LHB Randy Rosenberry
|
0-0: Ball 1-0: Ground out 4-3 (Groundball, 34D, EV 98.8 MPH)
|
|
Batting: RHB Joseph Disepolo
|
0-0: Ball 1-0: Ball 2-0: Called Strike 2-1: Ground out 4-3 (Groundball, 4, EV 103.8 MPH)
|
|
Batting: RHB Dietmar Warmisch
|
0-0: Fly out, F8 (Flyball, 8RD, EV 96.2 MPH)
|
| Bottom of the 6th over - 0 runs, 0 hits, 0 errors, 0 left on base; Pittsburgh 1 - Chicago 1 |
| TOP OF THE 7TH |
|
Pittsburgh Pirates batting - Pitching for Chicago White Sox : RHP Xenophon Valvis
|
|
Batting: SHB Jack Andrews
|
0-0: Ball 1-0: Fly out, F8 (Flyball, 8LM, EV 97.5 MPH)
|
|
Batting: LHB Xavier Pittman
|
0-0: Ball 1-0: Ground out 4-3 (Groundball, 4, EV 93.8 MPH)
|
|
Batting: RHB Andrew Robinson
|
0-0: Ball 1-0: Called Strike 1-1: Swinging Strike 1-2: Ball 2-2: Ground out 1-3 (Groundball, 15S, EV 70.0 MPH)
|
| Top of the 7th over - 0 runs, 0 hits, 0 errors, 0 left on base; Pittsburgh 1 - Chicago 1 |
| BOTTOM OF THE 7TH |
|
Chicago White Sox batting - Pitching for Pittsburgh Pirates : RHP Walt Quinn
|
|
Batting: RHB Dieter Knoops
|
0-0: DOUBLE (Groundball, 3L, EV 103.8 MPH)
|
|
Batting: RHB Brad Boals
|
0-0: Ball 1-0: Called Strike 1-1: Ball 2-1: Foul Ball, location: 2F 2-2: Fly out, F9 (Flyball, 89S, EV 87.5 MPH)
|
|
Batting: LHB Sidney Pedder
|
0-0: Intentional Walk
|
|
Batting: RHB Jon Solano
|
0-0: Ball 1-0: Fly out, F9 (Flyball, 9D, EV 102.5 MPH) Runner from 2nd tags up, SAFE at 3rd, no throw by RF
|
|
Batting: SHB Bartholomeu Chambino
|
0-0: Ball 1-0: Foul Ball, location: 2F 1-1: Ball Wild Pitch! Dieter Knoops scores Sidney Pedder to second 2-1: Foul Ball, location: 2F 2-2: Ball 3-2: Foul Ball, location: 2F 3-2: Base on Balls
|
|
Pitching: LHP Tim Wichman
|
|
|
Batting: SHB Gus Berry
|
0-0: Ball 1-0: Called Strike 1-1: Ball 2-1: Ball 3-1: Base on Balls Sidney Pedder to third Bartholomeu Chambino to second
|
|
Batting: LHB Randy Rosenberry
|
0-0: Foul Ball, location: 2F 0-1: Swinging Strike 0-2: Ball 1-2: Ball 2-2: Ball 3-2: Fly out, F5 (Popup, 5L, EV 76.2 MPH)
|
| Bottom of the 7th over - 1 run, 1 hit, 0 errors, 3 left on base; Pittsburgh 1 - Chicago 2 |
| TOP OF THE 8TH |
|
Pittsburgh Pirates batting - Pitching for Chicago White Sox : RHP Xenophon Valvis
|
|
Pinch Hitting: LHB Chris Salim
|
0-0: Ground out 6-3 (Groundball, 6, EV 87.5 MPH)
|
|
Batting: RHB Chiel Palstermans
|
0-0: Called Strike 0-1: SINGLE (Line Drive, 4D, EV 94.4 MPH)
|
|
Batting: RHB David Contreras
|
0-0: Swinging Strike 0-1: Foul Ball, location: 2F 0-2: Ball 1-2: Foul Ball, location: 2F 1-2: Strikes out swinging
|
|
Batting: RHB Jorge Severiano
|
0-0: Ground out 4-3 (Groundball, 4, EV 78.8 MPH)
|
| Top of the 8th over - 0 runs, 1 hit, 0 errors, 1 left on base; Pittsburgh 1 - Chicago 2 |
| BOTTOM OF THE 8TH |
|
Chicago White Sox batting - Pitching for Pittsburgh Pirates : LHP Tim Wichman
|
|
Now in RF: Chris Salim
|
|
|
Batting: RHB Joseph Disepolo
|
0-0: Called Strike 0-1: Called Strike 0-2: Ball 1-2: Ball 2-2: Foul Ball, location: 2F 2-2: Foul Ball, location: 2F 2-2: Ball 3-2: Foul Ball, location: 2F 3-2: Base on Balls
|
|
Batting: RHB Dietmar Warmisch
|
0-0: Ball 1-0: Foul Ball, location: 2F 1-1: Foul Ball, location: 2F 1-2: Ball 2-2: Strikes out swinging
|
|
Batting: RHB Dieter Knoops
|
0-0: Swinging Strike 0-1: Called Strike Joseph Disepolo steals 2nd base 0-2: Ball 1-2: Ball 2-2: Fly out, F6 (Line Drive, 6M, EV 71.9 MPH)
|
|
Batting: RHB Brad Boals
|
0-0: Swinging Strike 0-1: Foul Ball, location: 2F 0-2: Strikes out swinging
|
| Bottom of the 8th over - 0 runs, 0 hits, 0 errors, 1 left on base; Pittsburgh 1 - Chicago 2 |
| TOP OF THE 9TH |
|
Pittsburgh Pirates batting - Pitching for Chicago White Sox : RHP Xenophon Valvis
|
|
Pitching: LHP Rhett Beers
|
|
|
Batting: SHB Marvin McAleer
|
0-0: Swinging Strike 0-1: Foul Ball, location: 2F 0-2: Ball 1-2: Strikes out swinging
|
|
Pinch Hitting: RHB Jason Moss
|
0-0: Called Strike 0-1: Ball 1-1: Swinging Strike 1-2: Strikes out swinging
|
|
Batting: SHB Jack Andrews
|
0-0: Ball 1-0: Called Strike 1-1: Ground out 4-3 (Groundball, 34, EV 106.2 MPH)
|
| Top of the 9th over - 0 runs, 0 hits, 0 errors, 0 left on base; Pittsburgh 1 - Chicago 2 |
|